 Dungeon Crawl Stone Soup version 0.29-a0-872-g797fff5ad1 (webtiles) character file.

Game seed: 14913852559265300448

900 jimonade the Covert (level 8, -2/45 HPs)
             Began as a Kobold Brigand on July 18, 2022.
             Was a Follower of Uskayaw.
             Slain by Duvessa
             ... wielding a +0 rapier
              (4 damage)
             ... on level 6 of the Dungeon.
             The game lasted 00:10:25 (5451 turns).

jimonade the Covert (Kobold Brigand)                Turns: 5451, Time: 00:10:25

Health: -2/45      AC: 10    Str: 15    XL:     8   Next: 28%
Magic:  10/10      EV: 13    Int: 14    God:    Uskayaw [*.....]
Gold:   291        SH:  0    Dex: 22    Spells: 7/7 levels left

rFire   . . .      SeeInvis .   a - +2 dagger
rCold   . . .      Faith    .   (no shield)
rNeg    + . .      Spirit   .   c - +3 leather armour
rPois   .          Reflect  .   H - +1 helmet of Deacad {rN+ Int+2 Dex+4 Slay+3}
rElec   .          Harm     .   F - +1 cloak
rCorr   .          Rampage  .   (no gloves)
Will    .....                   (no boots)
Stlth   ++++++....              (no amulet)
HPRegen 0.15/turn               y - +6 ring of strength
MPRegen 0.12/turn               (no ring)

@: grasped by roots, constricted
A: small, no large weapons, nightstalker 3
a: Renounce Religion, Stomp


You were on level 6 of the Dungeon.
You worshipped Uskayaw.
Uskayaw was noncommittal.
You visited 1 branch of the dungeon, and saw 6 of its levels.

You collected 291 gold pieces.

Inventory:

Hand Weapons
 a - a +2 dagger (weapon)
 m - a +3 whip
 o - a +0 rapier
Missiles
 d - 9 poisoned darts (quivered)
 e - 3 curare-tipped darts
 g - 12 boomerangs
 q - 3 atropa-tipped darts
Armour
 b - a +0 robe
 c - a +3 leather armour (worn)
 F - a +1 cloak (worn)
 H - the +1 helmet of Deacad (worn) {rN+ Int+2 Dex+4 Slay+3}
   (You found it on level 5 of the Dungeon)

   Int:       It affects your intelligence (+2).
   Dex:       It affects your dexterity (+4).
   Slay:      It affects your accuracy & damage with ranged weapons and melee
   (+3).
   rN:        It protects you from negative energy.
Magical Staves
 C - a staff of cold
Jewellery
 y - a +6 ring of strength (left hand)
Wands
 E - a wand of paralysis (9)
Scrolls
 f - 4 scrolls of identify {unknown}
 i - a scroll of noise {unknown}
 j - 2 scrolls of silence {unknown}
 l - a scroll of torment {unknown}
 r - 4 scrolls of enchant armour {unknown}
 v - 2 scrolls of immolation {unknown}
 z - a scroll of fog {unknown}
 A - 3 scrolls of teleportation {unknown}
 G - a scroll of fear {unknown}
Potions
 h - a potion of ambrosia
 k - a potion of cancellation {unknown}
 n - 2 potions of flight {unknown}
 p - a potion of attraction {unknown}
 s - 3 potions of might {unknown}
 t - 3 potions of degeneration {unknown}
 u - 3 potions of heal wounds {unknown}
 w - a potion of brilliance {unknown}
 x - 3 potions of curing {unknown}
 B - a potion of mutation {unknown}
 D - 2 potions of magic {unknown}


   Skills:
 + Level 2.9 Fighting
 + Level 5.0 Short Blades
 - Level 2.1 Throwing
 + Level 1.5 Armour
 + Level 3.5 Dodging
 * Level 10.7 Stealth
 * Level 2.8 Invocations


You had 7 spell levels left.
You didn't know any spells.
Your spell library contained the following spells:

 Spells                   Type           Power      Damage    Failure   Level
 Conjure Flame            Conj/Fire      0%         6-21      71%         3
 Ignite Poison            Fire/Tmut/Pois 0%         N/A       71%         3
 Animate Dead             Necr           0%         N/A       98%         4
 Sticky Flame             Conj/Fire      0%         2d3       98%         4
 Haunt                    Necr/Summ      0%         N/A       100%        7
 Infestation              Necr           0%         N/A       100%        8


Dungeon Overview and Level Annotations

Branches:
Dungeon (6/15)
 Temple: D:4-7

Altars:
Fedhas
Uskayaw
Wu Jian

Annotations:
D:6 Dowan, Duvessa


Innate Abilities, Weirdness & Mutations

You are small and have problems with some larger weapons.
You are completely attuned to the shadows.


Message History

Duvessa barely misses you.
It was a potion of ambrosia.
You are confused.
You feel invigorated. Dowan barely misses you.
The grasping roots constrict you. Duvessa closely misses you.
You barely miss Duvessa.
Duvessa is lightly wounded.
You escape the roots grasp.
Duvessa attacks as you move away! Duvessa hits you but does no damage.
Dowan attacks as you move away! Dowan hits you but does no damage.
Dowan zaps a wand.
The roots erupt in riotous growth!
The grasping roots grab you! The grasping roots constrict you.
You barely miss Duvessa.
Duvessa is lightly wounded.
The grasping roots constrict you. Duvessa barely misses you.
You escape the roots grasp.
Dowan zaps a wand.
The roots erupt in riotous growth!
The grasping roots grab you! The grasping roots constrict you.
You barely miss Duvessa. The grasping roots constrict you.
Duvessa hits you with a +0 rapier.
* * * LOW HITPOINT WARNING * * *
You escape the roots grasp.
You feel less invigorated.
You feel less confused.
Dowan zaps a wand.
The roots erupt in riotous growth!
The grasping roots grab you!
Duvessa is unaffected.
The grasping roots constrict you.
* * * LOW HITPOINT WARNING * * *
Duvessa hits you with a +0 rapier!
* * * LOW HITPOINT WARNING * * *
You hit Duvessa.
Duvessa is lightly wounded.
A centaur comes into view.
The centaur wields a +0 shortbow.
The centaur shoots an arrow.
The arrow barely misses you. The grasping roots constrict you.
* * * LOW HITPOINT WARNING * * *
Duvessa says, "Where magic fails, the sword succeeds!"
Duvessa hits you with a +0 rapier.
You die...

#.......
#.......
#.......
#.......
#.......
#.e.##..
##@e.##.....
...............
...............
...............
........c......
########'#######
...........#
...........#
...........+


You could see Duvessa, Dowan and a centaur.

Vanquished Creatures
  An ice beast (D:5)
  2 phantoms (D:4)
  2 scorpions
  3 necrophages
  2 hounds (D:4)
  Jessica (D:2)
  2 iguanas (D:5)
  An orc wizard (D:4)
  4 gnolls (D:3)
  4 adders
  A shadow imp (D:5)
  A white imp (D:5)
  An ufetubus (D:5)
  2 worms (D:2)
  A dart slug (D:3)
  13 orcs
  8 endoplasms
  3 giant cockroaches (D:1)
  9 goblins
  11 hobgoblins
  7 jackals
  9 kobolds
  5 quokkas
  5 ball pythons
  6 bats
  2 frilled lizards
  6 rats
112 creatures vanquished.

Notes
Turn   | Place    | Note
-------+----------+-------------------------------------------
     0 | D:1      | jimonade the Kobold Brigand began the quest for the Orb.
     0 | D:1      | Reached XP level 1. HP: 12/12 MP: 1/1
   208 | D:1      | Reached XP level 2. HP: 17/17 MP: 2/2
   210 | D:1      | Reached skill level 6 in Stealth
   339 | D:1      | Reached XP level 3. HP: 10/21 MP: 3/3
   824 | D:1      | Found a faded altar of an unknown god.
  1475 | D:2      | Reached skill level 7 in Stealth
  1475 | D:2      | Reached XP level 4. HP: 26/26 MP: 4/4
  1733 | D:2      | Noticed Jessica
  1737 | D:2      | Killed Jessica
  1878 | D:2      | Reached XP level 5. HP: 20/31 MP: 5/5
  2603 | D:3      | Found a hide-covered altar of Uskayaw.
  2607 | D:3      | Found a blossoming altar of Fedhas.
  2611 | D:3      | Became a worshipper of Uskayaw the Reveller
  2618 | D:3      | Found an ornate altar of the Wu Jian Council.
  2737 | D:3      | Reached * piety under Uskayaw
  2884 | D:3      | Reached skill level 8 in Stealth
  3361 | D:3      | Reached ** piety under Uskayaw
  3390 | D:3      | Reached XP level 6. HP: 22/36 MP: 6/6
  3817 | D:4      | Reached skill level 9 in Stealth
  3817 | D:4      | Reached skill level 1 in Invocations
  3834 | D:4      | Reached *** piety under Uskayaw
  3948 | D:4      | Reached XP level 7. HP: 40/40 MP: 8/8
  4569 | D:5      | Entered Level 5 of the Dungeon
  4833 | D:5      | Reached skill level 10 in Stealth
  4944 | D:5      | Reached skill level 1 in Armour
  5048 | D:5      | Reached XP level 8. HP: 45/45 MP: 9/9
  5057 | D:5      | Reached **** piety under Uskayaw
  5095 | D:5      | Reached skill level 5 in Short Blades
  5277 | D:5      | Identified the +1 helmet of Deacad {rN+ Int+2 Dex+4 Slay+3}
  5433 | D:6      | Noticed Dowan
  5434 | D:6      | Noticed Duvessa
  5450 | D:6      | HP: 2/45 [Duvessa/+0 rapier (8)]
  5451 | D:6      | Slain by Duvessa

Illustrated notes

Levels and vault maps discovered:
D:1:      onia_arrival_mini_maze_b, layout_loops_ring,
          shapermc_ecumenical_altar_totnotflames, grunt_decor_junction,
          chequers_mini_garden, chequers_serial_rivers_micro_c,
          chequers_serial_rivers_small_a, minmay_pentomino_q4
D:2:      layout_loops_cross, minivault_14, uniq_jessica
D:3:      layout_loops_corners, grunt_temple_overflow_diamond
D:4:      layout_loops_cross, kennysheep_cluttered_room
D:5:      layout_rooms, serial_shops, nicolae_shop_behind_doors,
          roderic_lattice_a, minmay_fractal_squares_5, uniq_grinder
D:6:      layout_gridville, minmay_temple_entry_mini_moons,
          gammafunk_ghost_grave, nicolae_water_bricks, supply_closet_lemuel,
          corexii_hall_statues_l, uniq_duvessa, uniq_maggie, uniq_prince_ribbit1

Skill      XL: |  1  2  3  4  5  6  7  8 |
---------------+-------------------------+-----
Stealth        | 6 7 8 9 10 | 10.7
Short Blades   | 3 4 5 |  5.0
Dodging        | 2 3 |  3.5
Invocations    | 1 2 |  2.8
Armour         | 1 |  1.5
Fighting       | |  2.9
Throwing       | |  2.1

Action                   |  1- 3 |  4- 6 |  7- 9 || total
-------------------------+-------+-------+-------++-------
Melee: Dagger            |    81 |   168 |   144 ||   393
       Punch             |       |     1 |     2 ||     3
Invok: Stomp             |       |       |     2 ||     2
  Use: Potion            |       |       |     1 ||     1
 Stab: Sleeping          |    11 |    26 |    12 ||    49
       Distracted        |     1 |     1 |     1 ||     3
       Paralysed         |       |     1 |     2 ||     3
Armor: Robe              |    17 |    17 |       ||    34
       Leather armour    |       |     7 |    41 ||    48
Dodge: Dodged            |    49 |    97 |   102 ||   248

Table legend: (Time is in decaauts)
 A = Elapsed time spent in this place.
 B = Non-inter-level travel time spent in this place.
 C = Inter-level travel time spent in this place.
 D = Time resting spent in this place.
 E = Time spent auto-exploring this place.
 F = Levels seen in this place.
 G = Mean time per level.
                   A        B        C        D        E       F      G
               +--------+--------+--------+--------+--------+-----+--------+
         Total |   5388 |   5306 |     82 |    604 |   3789 |   6 |  898.0 |
       Dungeon |   5388 |   5306 |     82 |    604 |   3789 |   6 |  898.0 |
               +--------+--------+--------+--------+--------+-----+--------+

Top non-repeatable levels by time:
     D:1: 1445 daAuts
     D:3: 1366 daAuts
     D:4: 959 daAuts
     D:2: 955 daAuts
     D:5: 565 daAuts
     D:6: 96 daAuts
